cohdb
Replays
Latest Replays
All Replays
Popular Replays
Top Player Replays
Match Explorer
How It Works
Community
CoH3 Stats
Reddit
Sign in to upload your games and track your stats! →
Sign in with Steam
Match 39382688
Unlisted
Match 39382688
Overview
Messages
Build Orders
End
Construct Barracks
Riflemen Squad
Riflemen Squad
Grenade Package
Engineer Squad
Riflemen Squad
Selects Special Operations Battlegroup
Selects M29 Weasel with M1 Pack Howitzer
Selects M29 Weasel with M1 Pack Howitzer
M29 Weasel with M1 Pack Howitzer
Construct Medical Station
Mechanized Support Center
Selects Smoke Screen
M1918 Browning Automatic Rifles
Construct Tank Depot
Smoke Screen
M4A1 Sherman Medium Tank
Selects SSF Commando Squad
SSF Commando Squad
M4A1 76mm Conversion
thecrazycowboygeneral
DoMxNightM4rE
zintoko
canga
Mark
Derlis
0
0
Comments
sign in to comment!
No comments posted yet!